 Dungeon Crawl Stone Soup version 0.23.2-1-ga50397a6bc (webtiles) character file.

Game seed: 8583733662401971410

113 Jaijje the Skirmisher (level 4, -10/28 HPs)
             Began as a Tengu Skald on May 18, 2019.
             Was a Follower of Wu Jian.
             Killed by divine providence
             ... invoked by an orc priest
              (11 damage)
             ... on level 2 of the Dungeon.
             The game lasted 00:06:02 (2915 turns).

Jaijje the Skirmisher (Tengu Skald)                 Turns: 2915, Time: 00:06:02

Health: -10/28     AC:  3    Str: 13    XL:     4   Next: 96%
Magic:  8/8        EV: 12    Int: 13    God:    Wu Jian [*.....]
Gold:   172        SH:  0    Dex: 13    Spells: 6/7 levels left

rFire    . . .     SeeInvis .   a - +0 spear
rCold    . . .     Gourm    .   (no shield)
rNeg     . . .     Faith    .   b - +0 leather armour
rPois    .         Spirit   .   (helmet restricted)
rElec    .         Reflect  .   (no cloak)
rCorr    .         Harm     .   (no gloves)
MR       .....                  (boots unavailable)
Stlth    +.........             (no amulet)
HPRegen  0.09/turn              (no ring)
MPRegen  0.11/turn              (no ring)

@: starving
A: beak, talons 3
a: Renounce Religion


You were on level 2 of the Dungeon.
You worshipped Wu Jian.
Wu Jian was aware of your devotion.
You were starving.

You visited 1 branch of the dungeon, and saw 3 of its levels.

You collected 172 gold pieces.

Inventory:

Hand Weapons
 a - a +0 spear (weapon)
Armour
 b - a +0 leather armour (worn)
Jewellery
 e - an uncursed ring of protection from cold {unknown}
 h - an uncursed amulet of faith {unknown}
 m - an uncursed ring of stealth
Scrolls
 c - 2 scrolls of remove curse {unknown}
 f - 5 scrolls of teleportation {unknown}
 g - 5 scrolls of identify {unknown}
 i - a scroll of enchant armour {unknown}
 j - a scroll of noise {unknown}
 l - 2 scrolls of enchant weapon {unknown}
 o - a scroll of blinking {unknown}
Potions
 k - a potion of mutation {unknown}
 n - a potion of flight {unknown}
Comestibles
 d - 4 rations


   Skills:
 * Level 3.5 Fighting
 + Level 2.5 Polearms
 * Level 3.3 Armour
 + Level 2.4 Dodging
 - Level 2.0 Spellcasting
 - Level 2.4 Charms


You had 6 spell levels left.
You knew the following spells:

 Your Spells              Type           Power        Failure   Level  Hunger
a - Infusion              Chrm           #...         12%         1    ##.....

Your spell library contained the following spells:

 Spells                   Type           Power        Failure   Level  Hunger
 Song of Slaying          Chrm           #.......     19%         2    ###....
 Shroud of Golubria       Chrm/Tloc      #.........   30%         2    ###....
 Regeneration             Chrm/Necr      #.........   52%         3    ####...
 Spectral Weapon          Hex/Chrm       #.......     52%         3    ####...


Dungeon Overview and Level Annotations

Branches:
Dungeon (3/15)

Altars:
Wu Jian
Zin

Annotations:
D:3 Sigmund


Innate Abilities, Weirdness & Mutations

You have a beak for a mouth.
You have claws for feet.


Message History

The orc priest is heavily wounded.
The orc priest calls down the wrath of Beogh upon you.
Pain shoots through your body!
Ouch! That really hurt!
* * * LOW HITPOINT WARNING * * *
You hit the orc priest but do no damage.
The orc priest is heavily wounded.
You hit the orc priest.
You claw the orc priest, but do no damage.
You peck the orc priest, but do no damage.
The orc priest is severely wounded.
The orc priest barely misses you.
You hit the orc priest but do no damage.
The orc priest is severely wounded.
The orc priest casts a cantrip, but nothing happens.
You closely miss the orc priest.
The orc priest is severely wounded.
The orc priest invokes the aid of Beogh against you.
Beogh smites you!
You die...

.#
#..###.#..##.......#.#
.# #.##
##...##########.#
.####### #..###....#
#.# .......#
#...#.....# #.#
######.#
####.#.##.##########.#
#.#
#.#.##............#
#.#
#.#.###############
#### #.# #.#o#
...###.# #.#@#
....##.# #.#.#
.....#.# #.#.#
.....#.# #.####
.....#.# ####.♣♣♣♣###
.....#.# ##.♣♣._.♣..##
....##.# #...........#
...##..# #...........#
##)##### #...........#


You could see an orc priest.

Vanquished Creatures
  3 adders (D:2)
  2 worms (D:2)
  4 dart slugs
  2 leopard geckos (D:2)
  8 bats
  14 giant cockroaches (D:2)
  7 goblins
  8 hobgoblins
  4 kobolds
  3 frilled lizards
  8 rats
63 creatures vanquished.

Notes
Turn   | Place    | Note
-------+----------+-------------------------------------------
     0 | D:1      | Jaijje the Tengu Skald began the quest for the Orb.
     0 | D:1      | Reached XP level 1. HP: 12/12 MP: 4/4
   145 | D:1      | Reached XP level 2. HP: 11/18 MP: 6/6
   531 | D:1      | Reached XP level 3. HP: 13/22 MP: 7/7
   824 | D:2      | Found a glowing silver altar of Zin.
   920 | D:2      | Found an ornate altar of the Wu Jian Council.
   930 | D:2      | Became a worshipper of the Wu Jian Council
  1216 | D:2      | Reached XP level 4. HP: 16/28 MP: 8/8
  2224 | D:2      | Reached * piety under Wu Jian
  2427 | D:3      | Noticed Sigmund
  2911 | D:2      | HP: 1/28 [orc priest/nerve-wracking pain (14)]
  2915 | D:2      | Killed from afar by an orc priest

Skill      XL: |  1  2  3 |
---------------+----------+-----
Armour         | 2 3 |  3.3
Fighting       | 3 |  3.5
Polearms       | |  2.5
Dodging        | |  2.4
Spellcasting   | |  2.0
Charms         | |  2.4

Action                   |  1- 3 |  4- 6 || total
-------------------------+-------+-------++-------
Melee: Spear             |    90 |   111 ||   201
       Kick              |    20 |    25 ||    45
       Peck              |    13 |    15 ||    28
Invok: Lunge             |     1 |     8 ||     9
  Eat: Chunk             |     1 |     3 ||     4
Armor: Leather armour    |    23 |    28 ||    51
Dodge: Dodged            |    57 |    55 ||   112
